 Dungeon Crawl Stone Soup version 0.26.1-11-gd32895ea62 (webtiles) character file.

Game seed: 8305994881305238208

157286 phalm the Destroyer (level 17, -3/102 HPs)
             Began as a Deep Elf Conjurer on Apr 26, 2021.
             Was a High Priest of Sif Muna.
             Killed from afar by a shock serpent (12 damage)
             ... with an electric aura
             ... on level 3 of the Snake Pit.
             The game lasted 02:16:13 (44618 turns).

phalm the Destroyer (Deep Elf Conjurer)            Turns: 44618, Time: 02:16:14

Health: -3/102     AC: 11    Str:  6    XL:     17   Next: 12%
Magic:  25/37      EV: 21    Int: 31    God:    Sif Muna [*****.]
Gold:   747        SH: 14    Dex: 16    Spells: 4/44 levels left

rFire    + + .     SeeInvis .   W - staff of conjuration
rCold    + . .     Faith    .   l - +0 buckler
rNeg     + . .     Spirit   .   T - +2 robe {rC+ rF+}
rPois    +         Reflect  +   o - +0 helmet
rElec    .         Harm     .   (no cloak)
rCorr    .         Rampage  +   U - +2 pair of gloves {Dex+3}
Will     +....                  Y - +2 pair of boots {rampage}
Stlth    ++........             O - amulet of reflection
HPRegen  0.27/turn              C - ring of protection from cold
MPRegen  0.25/turn              f - ring of Exhibitionism {Fire rPois rN+ Str+2}

@: studying Fighting
A: large bone plates 1, wild magic 1, sturdy frame 1
a: Renounce Religion, Channel Magic, Forget Spell, Divine Exegesis


You were on level 3 of the Snake Pit.
You worshipped Sif Muna.
Sif Muna was extremely pleased with you.
You visited 4 branches of the dungeon, and saw 24 of its levels.
You also visited: Sewer, Bailey, Gauntlet and Ice Cave.

You collected 2514 gold pieces.
You spent 1767 gold pieces at shops.


Innate Abilities, Weirdness & Mutations

You are partially covered in large bone plates. (SH +4)
Your spells are a little harder to cast, but a little more powerful.
Your movements are slightly less encumbered by armour. (ER -2)


   Skills:
 + Level 10.0 Fighting
 + Level 9.4 Staves
 - Level 4.0 Armour
 + Level 11.4 Dodging
 - Level 2.4 Stealth
 - Level 4.0 Shields
 + Level 14.0 Spellcasting
 * Level 14.5 Conjurations
 - Level 7.0 Translocations
 * Level 10.7 Fire Magic
 - Level 3.0 Earth Magic
 + Level 14.2 Invocations
 - Level 7.0 Evocations


You had 4 spell levels left.
You knew the following spells:

 Your Spells              Type           Power        Failure   Level
b - Iskenderun's Battles  Conj           100%         1%          5
d - Orb of Destruction    Conj           60%          8%          7
f - Fireball              Conj/Fire      69%          1%          5
i - Swiftness             Air            28%          5%          2
m - Magic Dart            Conj           100%         1%          1
s - Searing Ray           Conj           100%         1%          2
t - Bolt of Magma         Conj/Fire/Erth 62%          2%          5
X - Iskenderun's Mystic   Conj/Tloc      100%         1%          4
Y - Fire Storm            Conj/Fire      69%          100%        9

Your spell library contained the following spells:

 Spells                   Type           Power        Failure   Level
 Apportation              Tloc           100%         1%          1
 Foxfire                  Conj/Fire      100%         1%          1
 Sandblast                Erth           100%         1%          1
 Shock                    Conj/Air       100%         1%          1
 Dazzling Flash           Conj/Hex       100%         1%          3
 Lesser Beckoning         Tloc           35%          1%          3
 Mephitic Cloud           Conj/Pois/Air  79%          1%          3
 Static Discharge         Conj/Air       92%          1%          3
 Stone Arrow              Conj/Erth      100%         1%          3
 Sticky Flame             Conj/Fire      100%         1%          4
 Fulminant Prism          Conj/Hex       46%          2%          4
 Hailstorm                Conj/Ice       92%          2%          4
 Passwall                 Tmut/Erth      33%          3%          2
 Freeze                   Ice            100%         4%          1
 Pain                     Necr           100%         4%          1
 Summon Small Mammal      Summ           100%         4%          1
 Call Imp                 Summ           28%          5%          2
 Corpse Rot               Necr/Air       N/A          5%          2
 Ensorcelled Hibernation  Hex/Ice        56%          5%          2
 Sublimation of Blood     Necr           14%          5%          2
 Call Canine Familiar     Summ           28%          10%         3
 Frozen Ramparts          Ice            56%          10%         3
 Ozocubu's Armour         Ice            28%          10%         3
 Summon Guardian Golem    Hex/Summ       28%          10%         3
 Tukima's Dance           Hex            28%          10%         3
 Petrify                  Tmut/Erth      40%          17%         4
 Dispel Undead            Necr           28%          30%         4
 Ice Form                 Ice/Tmut       28%          30%         4
 Summon Ice Beast         Ice/Summ       28%          30%         4
 Summon Lightning Spire   Summ/Air       28%          30%         4
 Starburst                Conj/Fire      69%          3%          6
 Irradiate                Conj/Tmut      46%          5%          5
 Lightning Bolt           Conj/Air       46%          5%          5
 Summon Forest            Summ/Tloc      27%          21%         5
 Lee's Rapid Deconstruct  Erth           25%          24%         5
 Conjure Ball Lightning   Conj/Air       46%          24%         6
 Dispersal                Tloc           35%          26%         6
 Freezing Cloud           Conj/Ice/Air   39%          50%         6
 Agony                    Necr           28%          61%         5
 Alistair's Intoxication  Tmut/Pois      18%          61%         5
 Excruciating Wounds      Necr           14%          61%         5
 Metabolic Englaciation   Hex/Ice        14%          61%         5
 Silence                  Hex/Air        14%          61%         5
 Summon Demon             Summ           14%          61%         5
 Summon Mana Viper        Hex/Summ       28%          61%         5
 Spellforged Servitor     Conj/Summ      46%          75%         7
 Death Channel            Necr           14%          98%         6
 Invisibility             Hex            28%          98%         6
 Ozocubu's Refrigeration  Ice            14%          98%         6
 Simulacrum               Ice/Necr       14%          98%         6
 Chain Lightning          Conj/Air       46%          100%        8
 Disjunction              Tloc           35%          100%        8
 Necromutation            Tmut/Necr      14%          100%        8

Inventory:

Missiles
 S - 3 throwing nets {=f}
Armour
 l - a +0 buckler (worn)
   (You found it on level 5 of the Dungeon)
 o - a +0 helmet (worn)
   (You took it off Robin on level 2 of the Dungeon)
 y - a +2 robe of willpower
   (You found it in an ice cave)
 T - a +2 robe of resistance (worn)
   (You took it off Psyche on level 9 of the Dungeon)
 U - a +2 pair of gloves of dexterity (worn)
   (You found it in an ice cave)
 Y - a +2 pair of boots of rampaging (worn)
   (You found it in an ice cave)
Magical Staves
 M - an uncursed staff of fire
   (You found it in an ice cave)
 W - an uncursed staff of conjuration (weapon)
   (You acquired it on level 2 of the Orcish Mines)
Jewellery
 f - the ring of Exhibitionism (right hand) {Fire rPois rN+ Str+2}
   (You bought it in a shop on level 1 of the Snake Pit)

   [ring of fire]

   It enhances your fire magic.
   It affects your strength (+2).
   It protects you from fire.
   It makes you vulnerable to cold.
   It protects you from poison.
   It protects you from negative energy.
 v - an uncursed ring of see invisible
   (You found it on level 2 of the Dungeon)
 C - a ring of protection from cold (left hand)
   (You found it in an ice cave)
 F - an uncursed ring of protection from fire
   (You found it on level 5 of the Dungeon)
 H - the ring "Ijatanub" {AC+4 Str+2 Int+2}
   (You acquired it in a Gauntlet)

   [ring of protection]

   It affects your AC (+4).
   It affects your strength (+2).
   It affects your intelligence (+2).
 N - an uncursed ring of positive energy
   (You found it on level 6 of the Lair of Beasts)
 O - an amulet of reflection (around neck)
   (You found it in a Gauntlet)
 P - an uncursed ring of poison resistance
   (You took it off a minotaur in a Gauntlet)
Wands
 a - a wand of acid (17)
   (You found it on level 9 of the Dungeon)
 u - a wand of polymorph (3)
   (You found it on level 2 of the Lair of Beasts)
 x - a wand of paralysis (14)
   (You found it on level 3 of the Dungeon)
 A - a wand of disintegration (43)
   (You found it in a Gauntlet)
 B - a wand of iceblast (9)
   (You found it on level 4 of the Dungeon)
 J - a wand of flame (8)
   (You found it on level 6 of the Lair of Beasts)
 R - a wand of random effects (26)
   (You found it in an ice cave)
Scrolls
 b - 4 scrolls of immolation {!r!r}
 g - a scroll of magic mapping {!r}
 h - 3 scrolls of fear
 r - 3 scrolls of identify {@r1}
 s - 8 scrolls of remove curse {@r2}
 t - 11 scrolls of teleportation {@r4}
 K - 5 scrolls of blinking {!r}
 Q - a scroll of summoning
 Z - a scroll of fog
Potions
 c - a potion of magic
 e - 4 potions of heal wounds {@q2}
 i - 9 potions of curing {@q1}
 j - 2 potions of invisibility
 k - 3 potions of might
 n - 6 potions of resistance
 p - 3 potions of attraction {!q}
 q - a potion of ambrosia
 w - 3 potions of flight
 z - 2 potions of cancellation
 E - 2 potions of haste {@q3}
 L - 4 potions of brilliance
 V - 3 potions of lignification {!q}
Books
 d - a manual of Fighting {!d}
   (You found it in a Gauntlet)
Miscellaneous
 m - a phial of floods
   (You found it on level 1 of the Snake Pit)
 D - a phantom mirror
   (You found it in a bailey)
 I - a box of beasts
   (You found it in a Gauntlet)
 X - a condenser vane
   (You found it on level 12 of the Dungeon)

Dungeon Overview and Level Annotations

Branches:
Dungeon (13/15)            Temple (0/1) D:7            Lair (6/6) D:8
 Shoals (0/4) Lair:3        Snake (3/4) Lair:4        Slime (0/5) Lair:6
    Orc (2/2) D:12            Elf (0/3) Orc:2         Sewer (visited)
 Bailey (visited)           IceCv (visited)         Gauntlet (visited)
 Vaults: D:13-14

Altars:
Dithmenos
Nemelex Xobeh
Ru
Sif Muna
Trog
Uskayaw
Xom
Yredelemnul
Zin
The Shining One
Beogh
Jiyva

Shops:
D:5 ?   D:8 !   D:10 (   D:12 *   Orc:2 !}*(   Snake:1 =*[:   Snake:3 *

Portals:
Trove: D:12 (give horn of Geryon)

Annotations:
D:9 2 transporters, SpoonFarmer's ghost, journeyman DrCj
Lair:4 exclusion: oklob plant

,#..........#.##.........##
*#.........######........#
*.........).#*#..........#
*.............#.##########*
*............##.# **###,,*
,###......#....#####....,,**
** ##.########.##.......,,,**
* #.* ##.........,,,,* * *,*
*#.†@.......,,,,*
*****,******#..##.......,,,**
,**,,,,>,,..*..**#......,,,*
,,,*,,,,,...[.S***......,,,*
,***,,,,.......,*,*.....,,**
,*,,,,,,.......,,,*#..#.,***
**,,,,,,.......,,,**###*,,,*
***,,,,,,,,,,,,,,,,** **,***
* *,*,,,,*,,,,,,,,,,***,**


You could see a friendly battlesphere.


Message History

The bolt of electricity hits you!!
Your battlesphere fires!
The barrage of energy hits the shock serpent! 😕 HP[-21] MP[-1]
You take 21 damage, and now have 81/102 hp.
MASSIVE DAMAGE!! (PAUSE)
You lost 1 mp, and now have 31/37 mp.
Casting: Magic Dart (safe; 1% risk of failure)
Confirm with . or Enter, or press ? or * to list all spells.
Aiming: Searing Ray (safe; 1% risk of failure)
Press: ? - help, Shift-Dir - straight line, f/p - shock serpent
Aim: a shock serpent (moderately wounded, 28% to evade)
You feel a surge of power!
The searing ray misses the shock serpent. (Press . to maintain the ray.)
Your battlesphere fires!
The barrage of energy hits the shock serpent. 😕 MP[-2]
You lost 2 mp, and now have 29/37 mp.
The searing ray hits the shock serpent!
The shock serpent's electric aura discharges, shocking you!
The shock serpent shoots out a bolt of lightning at you!
The bolt of electricity hits you!
Your battlesphere fires!
The barrage of energy hits the shock serpent!!
The shock serpent's electric aura discharges, shocking you! 😮 HP[-26]
You take 26 damage, and now have 55/102 hp.
MASSIVE DAMAGE!! (PAUSE)
The searing ray hits the shock serpent!
You kill the shock serpent!
Sif Muna accepts your kill. 😮 HP[+1] MP[-1]
You lost 1 mp, and now have 28/37 mp.
Your battlesphere wavers and loses cohesion.
A naga mage and a shock serpent come into view.
The shock serpent hisses angrily.
The shock serpent shoots out a bolt of lightning at you!
The bolt of electricity misses you. The bolt of electricity hits you!!
The naga mage shouts! 😕 HP[+27] MP[+9]
You regained 27 hp, and now have 83/102 hp.
Your mp is fully restored (37). 😕 HP[+1]
Casting: Searing Ray (safe; 1% risk of failure)
Confirm with . or Enter, or press ? or * to list all spells.
You feel a surge of power!
You conjure a globe of magical energy.
The naga mage spits poison at you.
The splash of poison reflects off an invisible shield around you!
The splash of poison hits the naga mage. 😕 MP[-5]
You lost 5 mp, and now have 32/37 mp.
Casting: Iskenderun's Battlesphere (mildly dangerous; 1% risk of failure)
Confirm with . or Enter, or press ? or * to list all spells.
Aiming: Searing Ray (safe; 1% risk of failure)
Press: ? - help, Shift-Dir - straight line You feel a surge of power!
The searing ray hits the shock serpent. (Press . to maintain the ray.)
The shock serpent's electric aura discharges, shocking you!
Your battlesphere fires!
The barrage of energy hits the naga mage!!
The shock serpent shoots out a bolt of lightning at you!
The bolt of electricity hits you! 😮 HP[-28] MP[-2]
You take 28 damage, and now have 56/102 hp.
MASSIVE DAMAGE!! (PAUSE)
You lost 2 mp, and now have 30/37 mp.
The searing ray hits the shock serpent!
The searing ray hits the naga mage!
You kill the naga mage!
Sif Muna accepts your kill.
The shock serpent's electric aura discharges, shocking you!
* * * LOW HITPOINT WARNING * * *
The shock serpent bites you.
* * * LOW HITPOINT WARNING * * *
The shock serpent shocks you!
* * * LOW HITPOINT WARNING * * *
😨 HP[-26] MP[-1]
You take 26 damage, and now have 30/102 hp.
MASSIVE DAMAGE!! (PAUSE)
You lost 1 mp, and now have 29/37 mp.
The searing ray hits the shock serpent.
The shock serpent's electric aura discharges, shocking you!
* * * LOW HITPOINT WARNING * * *
Your battlesphere fires!
The barrage of energy hits the shock serpent!
The shock serpent's electric aura discharges, shocking you!
* * * LOW HITPOINT WARNING * * *
The shock serpent completely misses you.
The shock serpent misses you. 😱 HP[-21]
You take 21 damage, and now have 9/102 hp.
MASSIVE DAMAGE!! (PAUSE)
Casting: Searing Ray (safe; 1% risk of failure)
Confirm with . or Enter, or press ? or * to list all spells.
You feel a surge of power!
You erupt in a blast of force!
The mystic blast hits the shock serpent!
You kill the shock serpent!
Sif Muna accepts your kill.
The air sparks with electricity, shocking you!
You die...

Skill      XL: |  1  2  3  4  5  6  7  8  9 10 11 12 13 14 15 16 17 |
---------------+----------------------------------------------------+-----
Conjurations   | 5 6 7 8 9 10 11 12 13 14 | 14.5
Translocations | 1 2 4 5 6 7 |  7.0
Invocations    | 1 2 3 5 6 8 9 11 12 13 14 | 14.2
Spellcasting   | 4 5 6 8 9 10 11 12 13 14 | 14.0
Staves         | 1 2 4 5 6 7 8 9 |  9.4
Armour         | 2 3 4 |  4.0
Dodging        | 4 5 7 8 9 10 11 | 11.4
Shields        | 2 3 4 |  4.0
Fighting       | 2 3 4 6 7 8 9 10 | 10.0
Fire Magic     | 3 5 7 8 10 | 10.7
Evocations     | 4 5 7 |  7.0
Earth Magic    | 3 |  3.0
Stealth        | |  2.4

Action                   |  1- 3 |  4- 6 |  7- 9 | 10-12 | 13-15 | 16-18 || total
-------------------------+-------+-------+-------+-------+-------+-------++-------
Melee: Dagger            |       |    38 |       |       |       |       ||    38
       Quarterstaff      |       |       |     4 |       |       |       ||     4
       Whip              |       |       |       |     5 |    20 |       ||    25
       Staff             |       |       |       |       |       |     2 ||     2
Throw: Throwing net      |       |       |     1 |       |       |       ||     1
 Cast: Magic Dart        |    65 |   176 |   206 |   401 |   449 |   230 ||  1527
       Searing Ray       |     1 |     9 |    42 |    91 |   136 |    66 ||   345
       Iskenderun's Myst |       |     1 |    10 |    28 |    72 |    16 ||   127
       Iskenderun's Batt |       |       |       |    58 |   131 |    68 ||   257
       Sticky Flame      |       |       |       |     3 |       |       ||     3
       Fireball          |       |       |       |       |     2 |    23 ||    25
       Bolt of Magma     |       |       |       |       |       |    21 ||    21
Invok: Channel Magic     |       |     1 |     3 |       |     4 |     3 ||    11
Evoke: Wand              |       |       |     3 |     4 |     2 |       ||     9
       Phantom mirror    |       |       |       |     1 |       |       ||     1
  Use: Scroll            |       |     5 |     6 |    12 |     6 |     9 ||    38
       Potion            |       |       |       |     6 |     1 |     3 ||    10
Armor: Robe              |       |    12 |     5 |    19 |    49 |    19 ||   104
Dodge: Dodged            |     7 |    51 |    39 |   117 |   166 |    79 ||   459
Block: Buckler           |       |       |       |    14 |   113 |    66 ||   193
       Reflection        |       |       |       |       |     8 |    17 ||    25

Levels and vault maps discovered:
D:1:      dpeg_arrival_water_temple_mockup, layout_loops_ring, st_stairs_6
D:2:      layout_loops_ring, nicolae_overflow_crystal_walls,
          minmay_overflow_temple_star_quad, uniq_robin
D:3:      layout_basic, item_on_display_a
D:4:      layout_basic, portal_sewer_entry_f, kennysheep_generic_room_16
D:5:      layout_gridville, minitemple, serial_shops, shop, minivault_4
D:6:      layout_loops_ring, grunt_dithmenos_smoke_and_mirrors
D:7:      layout_cave_pods, minmay_temple_entry_sparse_star,
          lightli_bailey_entry_fortress, uniq_pikel
D:8:      layout_rooms, erik_lair_dragon, serial_shops, shop, uniq_grum,
          uniq_erica
D:9:      layout_big_octagon, gammafunk_ghost_wrathful_warriors, uniq_psyche
D:10:     layout_grid_maze, serial_shops,
          nicolae_shop_temple_entry_statues_fountains
D:11:     layout_gridville
D:12:     layout_long_grid, david_orc_4, basic_altar,
          nicolae_trove_entry_diagonal, grunt_ministairs_7,
          nicolae_island_escapes
D:13:     layout_rooms, grunt_vaults_entry_tiered, minmay_variable_closet,
          uniq_azrael
Lair:1:   layout_cave_pods, gauntlet_entry_generic, ebering_ghost_xom
Lair:2:   layout_loops_ring, ebering_ghost_inner_flame
Lair:3:   layout_chaotic_city, minmay_shoals_entry_lonely_mermaid, uniq_nergalle
Lair:4:   layout_regular_city, guppyfry_snake_entry_garden, lemuel_fruit_fields,
          lemuel_fruit_fields, uniq_nessos
Lair:5:   layout_roguey, beast_lair_carwin_7
Lair:6:   due_jungle_book, layout_regular_city, dpeg_slime_entry_enclosed_altar,
          grunt_megastairs_2
Snake:1:  layout_gridlike, serial_shops, nicolae_shop_crystal, shop,
          shop_fountains, nicolae_shop_statue_plus, nicolae_snake_springs
Snake:2:  layout_honeycomb, basic_altar, uniq_aizul
Snake:3:  layout_chambers, serial_shops, nicolae_shop_statue_plus,
          portal_ice_cave_entry_ice_statue_two, grunt_megastairs_1
Orc:1:    layout_diamond_mine, minmay_orc_temple_b
Orc:2:    pubby_orc_utopia

Notes
Turn   | Place    | Note
-------+----------+-------------------------------------------
     0 | D:1      | phalm the Deep Elf Conjurer began the quest for the Orb.
     0 | D:1      | Reached XP level 1. HP: 10/10 MP: 6/6
     0 | D:1      | magus.rc [v1.9.10]
     0 | D:1      | magus.rc [v1.9.10]
     0 | D:1      | magus.rc [v1.9.10]
   554 | D:1      | Reached XP level 2. HP: 15/15 MP: 6/8
   585 | D:1      | Learned a level 2 spell: Searing Ray
   608 | D:1      | Reached skill level 5 in Conjurations
  1180 | D:1      | Reached XP level 3. HP: 19/19 MP: 4/9
  1407 | D:2      | Reached skill level 6 in Conjurations
  1572 | D:2      | Reached XP level 4. HP: 24/24 MP: 5/10
  1642 | D:2      | Learned a level 4 spell: Iskenderun's Mystic Blast
  1916 | D:2      | Found a sparkling altar of Nemelex Xobeh.
  2103 | D:2      | Noticed Robin
  2148 | D:2      | Killed Robin
  2149 | D:2      | Reached skill level 1 in Translocations
  2351 | D:2      | Found a shimmering blue altar of Sif Muna.
  2360 | D:2      | Found a glowing golden altar of the Shining One.
  2366 | D:2      | Became a worshipper of Sif Muna the Loreminder
  2375 | D:2      | Found a shimmering altar of Xom.
  3348 | D:4      | Reached XP level 5. HP: 28/28 MP: 4/11
  3420 | D:4      | Reached skill level 2 in Translocations
  3461 | D:4      | Reached skill level 1 in Invocations
  3661 | D:4      | Found a glowing drain.
  3671 | Sewer    | Entered a sewer
  3812 | Sewer    | Reached * piety under Sif Muna
  3814 | Sewer    | Reached skill level 7 in Conjurations
  3927 | Sewer    | Reached XP level 6. HP: 32/32 MP: 6/12
  3997 | Sewer    | Reached skill level 3 in Translocations
  4416 | Sewer    | Reached ** piety under Sif Muna
  4591 | Sewer    | Reached skill level 2 in Invocations
  5098 | D:4      | Reached skill level 4 in Translocations
  5098 | D:4      | Reached XP level 7. HP: 36/36 MP: 9/14
  5364 | D:4      | Reached skill level 4 in Spellcasting
  5944 | D:5      | Entered Level 5 of the Dungeon
  5966 | D:5      | Reached skill level 8 in Conjurations
  5966 | D:5      | Reached skill level 3 in Invocations
  6301 | D:5      | Reached skill level 5 in Translocations
  6650 | D:5      | Reached XP level 8. HP: 41/41 MP: 8/17
  6804 | D:5      | Found Fare's Magic Scroll Shoppe.
  6818 | D:5      | Bought a scroll of identify for 22 gold pieces
  6818 | D:5      | Bought a scroll of identify for 22 gold pieces
  6818 | D:5      | Bought a scroll of identify for 22 gold pieces
  6818 | D:5      | Bought a scroll of identify for 22 gold pieces
  7495 | D:5      | Reached skill level 5 in Spellcasting
  7567 | D:5      | Found a basalt altar of Yredelemnul.
  7570 | D:5      | Found a hide-covered altar of Uskayaw.
  7573 | D:5      | Found a sacrificial altar of Ru.
  7574 | D:5      | Found a glowing silver altar of Zin.
  7724 | D:6      | Reached skill level 4 in Invocations
  7735 | D:6      | Reached skill level 6 in Translocations
  7882 | D:6      | Reached skill level 9 in Conjurations
  7973 | D:6      | Reached *** piety under Sif Muna
  8485 | D:6      | Reached skill level 1 in Staves
  8485 | D:6      | Reached skill level 5 in Invocations
  8485 | D:6      | Reached XP level 9. HP: 46/46 MP: 11/19
  8817 | D:6      | Reached skill level 1 in Armour
  8993 | D:6      | Found a shadowy altar of Dithmenos.
  9135 | D:7      | Reached skill level 3 in Dodging
  9171 | D:7      | Reached skill level 1 in Shields
  9174 | D:7      | Found a staircase to the Ecumenical Temple.
  9191 | D:7      | Found a flagged portal.
  9197 | D:7      | Reached skill level 1 in Fighting
  9197 | D:7      | Reached skill level 6 in Spellcasting
  9319 | Bailey   | Entered a bailey
  9324 | Bailey   | Noticed an orc warlord
  9538 | Bailey   | Reached **** piety under Sif Muna
  9589 | Bailey   | Found a runed translucent gate.
  9592 | Bailey   | Found a runed translucent gate.
  9594 | Bailey   | Found a runed translucent gate.
  9619 | Bailey   | Reached skill level 7 in Translocations
  9957 | Bailey   | HP: 3/47 [orc warlord/+0 war axe (21)]
  9959 | Bailey   | Killed an orc warlord
  9960 | Bailey   | Reached skill level 2 in Fighting
  9960 | Bailey   | Reached skill level 2 in Staves
  9960 | Bailey   | Reached skill level 2 in Armour
  9960 | Bailey   | Reached skill level 4 in Dodging
  9960 | Bailey   | Reached skill level 2 in Shields
  9960 | Bailey   | Reached skill level 6 in Invocations
  9960 | Bailey   | Reached XP level 10. HP: 4/53 MP: 0/22
 10592 | D:7      | You pick up a book of Frost and begin reading...
 10592 | D:7      | You add the spells Freeze, Frozen Ramparts, Ozocubu's
                  | Armour, Hailstorm and Summon Ice Beast to your library.
 10628 | D:7      | Reached skill level 7 in Spellcasting
 10988 | D:7      | Reached skill level 3 in Staves
 11138 | D:7      | Noticed Pikel
 11149 | D:7      | Killed Pikel
 11150 | D:7      | Reached skill level 7 in Invocations
 11713 | D:8      | Reached skill level 5 in Dodging
 12185 | D:8      | Noticed Grum
 12231 | D:8      | Killed Grum
 12351 | D:8      | Found Veugaliest's Distillery.
 12362 | D:8      | Bought a potion of attraction for 39 gold pieces
 12362 | D:8      | Bought a potion of mutation for 104 gold pieces
 12362 | D:8      | Bought a potion of lignification for 39 gold pieces
 12362 | D:8      | Bought a potion of brilliance for 52 gold pieces
 12362 | D:8      | Bought a potion of flight for 39 gold pieces
 12362 | D:8      | Gained mutation: You are frail. (-10% HP) [potion of
                  | mutation]
 12362 | D:8      | Gained mutation: You have sharp fingernails. [potion of
                  | mutation]
 12363 | D:8      | Lost mutation: You have sharp fingernails. [potion of
                  | mutation]
 12363 | D:8      | Lost mutation: You are frail. (-10% HP) [potion of
                  | mutation]
 12363 | D:8      | Gained mutation: You are frail. (-10% HP) [potion of
                  | mutation]
 12363 | D:8      | Gained mutation: You are partially covered in slimy green
                  | scales. (AC +2) [potion of mutation]
 12409 | D:8      | Reached skill level 3 in Fighting
 12409 | D:8      | Reached skill level 3 in Armour
 12409 | D:8      | Reached skill level 3 in Shields
 12471 | D:8      | Noticed Erica
 12488 | D:8      | Killed Erica
 12489 | D:8      | Reached skill level 10 in Conjurations
 12554 | D:8      | Reached skill level 8 in Invocations
 12560 | D:8      | Reached skill level 4 in Staves
 12561 | D:8      | Reached skill level 8 in Spellcasting
 12561 | D:8      | Reached XP level 11. HP: 42/54 MP: 18/25
 12684 | D:8      | Found a staircase to the Lair.
 13114 | D:9      | Found a transporter.
 13118 | D:9      | Found a transporter.
 13119 | D:9      | Found a bloodstained altar of Trog.
 13121 | D:9      | Noticed a two-headed ogre
 13122 | D:9      | Noticed Psyche
 13129 | D:9      | Killed Psyche
 13230 | D:9      | Noticed a two-headed ogre
 13231 | D:9      | Noticed SpoonFarmer's ghost (journeyman DrCj)
 13245 | D:9      | Noticed a two-headed ogre
 13288 | D:9      | Reached ***** piety under Sif Muna
 13598 | D:9      | Identified Sif Muna's Volume of Conjuration and the Glacier
                  | (Sif Muna gifted it to you on level 9 of the Dungeon)
 13598 | D:9      | Received a gift from Sif Muna
 13599 | D:9      | You add the spells Stone Arrow, Static Discharge, Sticky
                  | Flame, Iskenderun's Battlesphere and Simulacrum to your
                  | library.
 13606 | D:9      | Learned a level 5 spell: Iskenderun's Battlesphere
 13719 | D:10     | Entered Level 10 of the Dungeon
 13967 | D:10     | Reached skill level 6 in Dodging
 14513 | D:10     | Found Izxisk's Antique Weapon Shoppe.
 14516 | D:10     | Noticed an unseen horror
 14522 | D:10     | Killed an unseen horror
 15139 | D:10     | Bought an ancient whip for 157 gold pieces
 15140 | D:10     | Identified the +8 whip of Demonkind {protect, Str+4} (You
                  | bought it in a shop on level 10 of the Dungeon)
 15518 | D:11     | Reached skill level 9 in Invocations
 15645 | D:11     | Reached skill level 4 in Fighting
 15960 | D:11     | Reached skill level 4 in Armour
 15960 | D:11     | Reached skill level 4 in Shields
 16458 | D:11     | Noticed a five-headed hydra
 16465 | D:11     | Killed a five-headed hydra
 16466 | D:11     | Reached skill level 5 in Staves
 16542 | D:11     | Reached skill level 9 in Spellcasting
 16829 | D:12     | Reached skill level 7 in Dodging
 16842 | D:12     | Identified Sif Muna's Tome of the Hot Ocelot (Sif Muna
                  | gifted it to you on level 12 of the Dungeon)
 16842 | D:12     | Received a gift from Sif Muna
 16843 | D:12     | You add the spells Lesser Beckoning, Summon Lightning
                  | Spire, Summon Forest, Summon Demon and Disjunction to your
                  | library.
 16849 | D:12     | Learned a level 4 spell: Sticky Flame
 16999 | D:12     | Reached XP level 12. HP: 60/60 MP: 24/27
 17234 | D:12     | HP: 10/60 [cyan ugly thing (14)]
 17508 | D:12     | Reached skill level 1 in Fire Magic
 17558 | D:12     | Found a basalt altar of Yredelemnul.
 17690 | D:12     | Reached skill level 10 in Invocations
 17837 | D:12     | Found a staircase to the Orcish Mines.
 18016 | D:12     | Found a portal to a secret trove of treasure.
 18024 | D:12     | This trove needs the horn of Geryon to function. Give it
                  | the item?
 18050 | D:12     | Found Noyzxop's Island Escapes.
 18488 | D:12     | Bought a scroll of blinking for 97 gold pieces
 18488 | D:12     | Bought a scroll of fog for 26 gold pieces
 18816 | Lair:1   | Entered Level 1 of the Lair of Beasts
 18861 | Lair:1   | Found a gate leading to a gauntlet.
 18874 | Gauntlet | Entered a Gauntlet
 18874 | Gauntlet | Found a transporter.
 18874 | Gauntlet | Found a transporter.
 18875 | Gauntlet | Noticed a tengu warrior
 18904 | Gauntlet | Found a transporter.
 18905 | Gauntlet | Found a transporter.
 18906 | Gauntlet | Noticed a death scarab
 18914 | Gauntlet | Found a transporter.
 18918 | Gauntlet | Found a transporter.
 18924 | Gauntlet | Noticed a hell beast
 18929 | Gauntlet | Noticed a death yak
 18929 | Gauntlet | Noticed a death yak
 18930 | Gauntlet | Found a transporter.
 18930 | Gauntlet | Noticed a death yak
 19016 | Gauntlet | Found a transporter.
 19020 | Gauntlet | Found a transporter.
 19030 | Gauntlet | Found a transporter.
 19034 | Gauntlet | Found a transporter.
 19044 | Gauntlet | Found a transporter.
 19122 | Gauntlet | Paralysed by a floating eye for 3 turns
 19129 | Gauntlet | Paralysed by a floating eye for 4 turns
 19136 | Gauntlet | Paralysed by a floating eye for 4 turns
 19141 | Gauntlet | Reached skill level 2 in Fire Magic
 19141 | Gauntlet | Paralysed by a floating eye for 3 turns
 19233 | Gauntlet | Killed a death scarab
 19241 | Gauntlet | Reached skill level 11 in Conjurations
 19407 | Gauntlet | Reached skill level 5 in Fighting
 19412 | Gauntlet | Killed a death yak
 19413 | Gauntlet | Reached skill level 6 in Staves
 19413 | Gauntlet | Killed a death yak
 19414 | Gauntlet | Killed a death yak
 19415 | Gauntlet | Reached skill level 8 in Dodging
 19415 | Gauntlet | Reached skill level 10 in Spellcasting
 19415 | Gauntlet | Reached skill level 3 in Fire Magic
 19500 | Gauntlet | Got a pitted steel ring
 19503 | Gauntlet | Identified the Collected Works on the Ghastly Traveller
 19504 | Gauntlet | You add the spells Pain, Apportation and Dispersal to your
                  | library.
 19517 | Gauntlet | Identified the ring of Attumen {Str+2 Int+4 Stlth-} (You
                  | found it in a Gauntlet)
 19530 | Gauntlet | Noticed a minotaur
 19541 | Gauntlet | HP: 13/61 [minotaur/silver javelin (20)]
 19558 | Gauntlet | HP: 9/61 [minotaur/uncursed staff of earth (10)]
 19560 | Gauntlet | Killed a minotaur
 19822 | Gauntlet | Identified a scroll of acquirement
 19828 | Gauntlet | Acquired the ring "Ijatanub" {AC+4 Str+2 Int+2}
 20074 | Lair:1   | Noticed a seven-headed hydra
 20081 | Lair:1   | Killed a seven-headed hydra
 20223 | Lair:1   | Reached skill level 11 in Invocations
 20561 | Lair:1   | Noticed a four-headed hydra
 20573 | Lair:1   | Killed a four-headed hydra
 20938 | Lair:1   | Found a runed translucent door.
 20944 | Lair:1   | Found a shimmering altar of Xom.
 20944 | Lair:1   | Noticed Voibur's ghost (journeyman DECj)
 20950 | Lair:1   | Reached skill level 6 in Fighting
 20950 | Lair:1   | Reached XP level 13. HP: 66/66 MP: 25/29
 20953 | Lair:1   | Killed Voibur's ghost
 20954 | Lair:1   | Reached skill level 4 in Fire Magic
 22208 | Lair:2   | Found a runed translucent door.
 22210 | Lair:2   | Noticed 0gre's ghost (journeyman GnIE)
 22258 | Lair:2   | You pick up a book of Geomancy and begin reading...
 22258 | Lair:2   | You add the spells Sandblast, Passwall, Petrify and Lee's
                  | Rapid Deconstruction to your library.
 22322 | Lair:2   | Killed 0gre's ghost
 22869 | Lair:2   | Reached skill level 9 in Dodging
 23021 | Lair:2   | Reached skill level 7 in Staves
 23041 | Lair:2   | Reached skill level 5 in Fire Magic
 23150 | Lair:2   | Reached skill level 11 in Spellcasting
 23711 | Lair:3   | Reached skill level 7 in Fighting
 23802 | Lair:3   | Reached skill level 12 in Invocations
 23897 | Lair:3   | Found a staircase to the Shoals.
 23897 | Lair:3   | Noticed Nergalle
 23907 | Lair:3   | Killed Nergalle
 25103 | Lair:4   | Identified Operpheih's Handbook of Beguiling (Sif Muna
                  | gifted it to you on level 4 of the Lair of Beasts)
 25103 | Lair:4   | Received a gift from Sif Muna
 25106 | Lair:4   | You add the spells Ensorcelled Hibernation and Silence to
                  | your library.
 25300 | Lair:4   | Found a staircase to the Snake Pit.
 25409 | Lair:4   | Noticed Nessos
 25419 | Lair:4   | HP: 17/68 [Nessos/arrow (1)]
 25420 | Lair:4   | Killed Nessos
 25421 | Lair:4   | Reached skill level 12 in Conjurations
 25684 | Lair:4   | Reached XP level 14. HP: 65/73 MP: 3/31
 26126 | Lair:4   | You pick up a book of Party Tricks and begin reading...
 26126 | Lair:4   | You add the spells Tukima's Dance, Alistair's Intoxication
                  | and Invisibility to your library.
 26412 | Lair:5   | Reached skill level 6 in Fire Magic
 27202 | Lair:5   | Identified a potion of experience
 27203 | Lair:5   | Reached skill level 7 in Fire Magic
 27203 | Lair:5   | Reached skill level 4 in Evocations
 27203 | Lair:5   | Reached XP level 15. HP: 79/79 MP: 32/32
 27489 | Lair:5   | Reached skill level 8 in Fighting
 28005 | Lair:6   | Entered Level 6 of the Lair of Beasts
 28270 | Lair:6   | Reached skill level 10 in Dodging
 28438 | Lair:6   | Reached skill level 12 in Spellcasting
 28666 | Lair:6   | Reached skill level 8 in Staves
 28819 | Lair:6   | Reached skill level 13 in Invocations
 28819 | Lair:6   | Reached skill level 5 in Evocations
 28964 | Lair:6   | Found a viscous altar of Jiyva.
 28964 | Lair:6   | Found a staircase to the Slime Pits.
 29888 | Lair:6   | Reached skill level 8 in Fire Magic
 30031 | Lair:6   | You pick up a book of Callings and begin reading...
 30031 | Lair:6   | You add the spells Summon Small Mammal, Call Imp, Call
                  | Canine Familiar and Summon Guardian Golem to your library.
 30317 | Lair:6   | Reached skill level 13 in Conjurations
 30907 | Orc:1    | Entered Level 1 of the Orcish Mines
 31583 | Orc:1    | Identified Sif Muna's Handbook of Flight and Battle Magic
                  | (Sif Muna gifted it to you on level 1 of the Orcish Mines)
 31583 | Orc:1    | Received a gift from Sif Muna
 31585 | Orc:1    | You add the spells Foxfire, Swiftness, Conjure Ball
                  | Lightning, Starburst, Spellforged Servitor and Fire Storm
                  | to your library.
 31638 | Orc:1    | Found a roughly hewn altar of Beogh.
 32220 | Orc:2    | Entered Level 2 of the Orcish Mines
 34338 | Orc:2    | Found a staircase to the Elven Halls.
 34465 | Orc:2    | Identified Sif Muna's Grimoire of Black Rites and Battle
                  | Magic (Sif Muna gifted it to you on level 2 of the Orcish
                  | Mines)
 34465 | Orc:2    | Received a gift from Sif Muna
 34466 | Orc:2    | You add the spells Bolt of Magma, Fireball, Death Channel
                  | and Necromutation to your library.
 34473 | Orc:2    | Learned a level 5 spell: Bolt of Magma
 34488 | Orc:2    | Learned a level 5 spell: Fireball
 34566 | Orc:2    | Noticed an orc warlord
 34703 | Orc:2    | Killed an orc warlord
 34802 | Orc:2    | Found a roughly hewn altar of Beogh.
 35007 | Orc:2    | Found Naxkemam's General Store.
 35263 | Orc:2    | Reached XP level 16. HP: 49/85 MP: 2/34
 35413 | Orc:2    | Found Luemeg's Weapon Boutique.
 35581 | Orc:2    | Reached skill level 1 in Earth Magic
 35656 | Orc:2    | Found Osevvo Mefea's Distillery.
 35728 | Orc:2    | Acquired an uncursed staff of conjuration
 35743 | Orc:2    | Found a roughly hewn altar of Beogh.
 35990 | Orc:2    | Reached skill level 13 in Spellcasting
 36109 | Orc:2    | Found Seyponom's Gadget Shoppe.
 36383 | Orc:2    | Bought 2 potions of mutation for 240 gold pieces
 36383 | Orc:2    | Lost mutation: You are partially covered in slimy green
                  | scales. (AC +2) [potion of mutation]
 36383 | Orc:2    | Lost mutation: You are frail. (-10% HP) [potion of
                  | mutation]
 36383 | Orc:2    | Gained mutation: Your movements are slightly less
                  | encumbered by armour. (ER -2) [potion of mutation]
 36383 | Orc:2    | Gained mutation: You are partially covered in large bone
                  | plates. (SH +4) [potion of mutation]
 36383 | Orc:2    | Gained mutation: Your spells are a little harder to cast,
                  | but a little more powerful. [potion of mutation]
 36804 | Snake:1  | Entered Level 1 of the Snake Pit
 36814 | Snake:1  | Reached skill level 9 in Fire Magic
 36823 | Snake:1  | Reached skill level 6 in Evocations
 37104 | Snake:1  | Found Ankaolif's Antique Armour Shoppe.
 37141 | Snake:1  | Found Ragit's Book Shop.
 37319 | Snake:1  | Found Dopre's General Store.
 37327 | Snake:1  | Bought a potion of flight for 39 gold pieces
 37411 | Snake:1  | Reached skill level 9 in Fighting
 37769 | Snake:1  | Reached skill level 2 in Earth Magic
 38154 | Snake:1  | Found Unuapsuz's Jewellery Emporium.
 38161 | Snake:1  | Bought the ring of Exhibitionism {Fire rPois rN+ Str+2} for
                  | 847 gold pieces
 38174 | Snake:1  | Learned a level 9 spell: Fire Storm
 38262 | Snake:2  | You pick up a book of Death and begin reading...
 38262 | Snake:2  | You add the spells Corpse Rot, Sublimation of Blood, Dispel
                  | Undead, Agony and Excruciating Wounds to your library.
 38597 | Snake:2  | Found a hide-covered altar of Uskayaw.
 39211 | Snake:2  | Reached skill level 11 in Dodging
 39612 | Snake:2  | Identified Uninesan's Compendium of Flight (Sif Muna gifted
                  | it to you on level 2 of the Snake Pit)
 39612 | Snake:2  | Received a gift from Sif Muna
 39613 | Snake:2  | Reached skill level 3 in Earth Magic
 39613 | Snake:2  | You add the spells Shock, Mephitic Cloud, Lightning Bolt
                  | and Chain Lightning to your library.
 39652 | Snake:2  | Learned a level 2 spell: Swiftness
 39662 | Snake:2  | Reached skill level 14 in Invocations
 39991 | Snake:2  | Reached skill level 9 in Staves
 40128 | Snake:2  | Noticed Aizul
 40140 | Snake:2  | Killed Aizul
 40141 | Snake:2  | Reached skill level 14 in Conjurations
 40153 | Snake:2  | HP: 24/96 [poisoned by Aizul (poison arrow)]
 40158 | Snake:2  | HP: 22/96 [poisoned by Aizul (poison arrow)]
 40163 | Snake:2  | HP: 22/96 [poisoned by Aizul (poison arrow)]
 40170 | Snake:2  | HP: 22/96 [poisoned by Aizul (poison arrow)]
 40178 | Snake:2  | HP: 22/96 [poisoned by Aizul (poison arrow)]
 40846 | Snake:3  | Reached skill level 10 in Fire Magic
 41105 | Snake:3  | HP: 23/96 [anaconda (2)]
 41390 | Snake:3  | Found a frozen archway.
 41514 | IceCv    | Entered an ice cave
 41608 | IceCv    | Reached skill level 7 in Evocations
 42756 | IceCv    | Reached XP level 17. HP: 62/101 MP: 1/36
 43102 | IceCv    | You pick up a book of Ice and begin reading...
 43102 | IceCv    | You add the spells Ice Form, Metabolic Englaciation,
                  | Ozocubu's Refrigeration and Freezing Cloud to your library.
 43173 | IceCv    | Identified the +0 robe "Xeomek" {Int+6} (You found it in an
                  | ice cave)
 43456 | Snake:3  | HP: 24/101 [naga sharpshooter/bolt (18)]
 43814 | Snake:3  | Identified Sif Muna's Disquisition on Harmful Calling (Sif
                  | Muna gifted it to you on level 3 of the Snake Pit)
 43814 | Snake:3  | Received a gift from Sif Muna
 43909 | Snake:3  | You add the spells Irradiate, Summon Mana Viper and Orb of
                  | Destruction to your library.
 43919 | Snake:3  | Learned a level 7 spell: Orb of Destruction
 43962 | Snake:3  | Found Hygesu's General Store.
 44021 | Snake:3  | Reached skill level 14 in Spellcasting
 44032 | Snake:3  | HP: 21/101 [naga mage/poison arrow (12)]
 44037 | Snake:3  | HP: 20/101 [poisoned by a naga mage (poison arrow)]
 44043 | Snake:3  | HP: 19/101 [poisoned by a naga mage (poison arrow)]
 44050 | Snake:3  | HP: 19/101 [poisoned by a naga mage (poison arrow)]
 44371 | Snake:3  | Reached skill level 10 in Fighting
 44617 | Snake:3  | HP: 25/102 [shock serpent/electric aura (5)]
 44617 | Snake:3  | HP: 9/102 [shock serpent/electric aura (16)]
 44618 | Snake:3  | Killed from afar by a shock serpent

Vanquished Creatures
  2 nagarajas
  2 orc warlords
  Aizul (Snake:2)
  Nessos (Lair:4)
  A minotaur (Gauntlet)
  4 dire elephants (Lair:6)
  The ghost of 0gre the Frost Mage, a journeyman GnIE of Vehumet (Lair:2)
  A blizzard demon (IceCv)
  A boulder beetle (Lair:2)
  9 hydras
  8 naga warriors
  7 anacondas
  Erica (D:8)
  2 two-headed ogres (Orc:2)
  A dancing weapon (Lair:1)
  A death scarab (Gauntlet)
  12 death yaks
  6 naga sharpshooters
  4 orc high priests (Orc:2)
  The ghost of Voibur the Thaumaturge, a journeyman DECj (Lair:1)
  9 shock serpents
  Nergalle (Lair:3)
  3 salamander mystics
  2 unseen horrors
  A naga ritualist (Snake:1)
  4 sea snakes (Snake:1)
  A spectral hydra (Gauntlet)
  Pikel (D:7)
  A necromancer (Gauntlet)
  3 orc knights (Orc:2)
  3 mana vipers (Snake:1)
  A manticore (D:11)
  An ugly thing (D:12)
  5 orc sorcerers (Orc:2)
  A merfolk siren (Lair:3)
  3 guardian serpents
  5 salamanders
  An eye of devastation (Gauntlet)
  10 naga magi
  19 black mambas
  Psyche (D:9)
  A torpor snail (Lair:3)
  3 ice statues
  A centaur zombie (D:12)
  13 elephants
  8 cane toads
  A minotaur zombie (Gauntlet)
  2 freezing wraiths (IceCv)
  3 rime drakes
  4 komodo dragons
  A golden dragon simulacrum (IceCv)
  3 anaconda simulacra (IceCv)
  6 ice devils (IceCv)
  6 trolls
  3 polar bears
  7 blink frogs
  8 dream sheep
  3 dire elephant simulacra (IceCv)
  A wraith (D:11)
  A vampire (D:11)
  6 wyverns
  A steam dragon (D:10)
  71 yaks
  3 basilisks
  4 vampire mosquitoes
  Grum (D:8)
  A death yak simulacrum (IceCv)
  2 wargs
  4 harpy simulacra (IceCv)
  26 nagas
  17 water moccasins
  2 iron troll simulacra (IceCv)
  A swamp drake (D:8)
  2 floating eyes (Gauntlet)
  54 orc warriors
  21 ogres
  2 ettin simulacra (IceCv)
  5 ice beasts
  4 sky beasts
  4 black bears
  8 wolves
  A necrophage (D:10)
  A phantom (D:8)
  An alligator simulacrum (IceCv)
  A centaur (D:11)
  2 lemures (D:7)
  11 bullfrogs
  7 scorpions
  A water moccasin skeleton (D:10)
  14 killer bees
  18 wights
  A swamp dragon simulacrum (IceCv)
  3 howler monkeys (D:8)
  3 bullfrog zombies
  A draconian simulacrum (IceCv)
  A quasit (D:7)
  8 jellies
  32 orc priests
  5 hounds
  2 bullfrog skeletons
  2 centaur skeletons
  5 iguanas
  34 orc wizards
  6 worker ants
  2 polar bear simulacra (IceCv)
  4 troll simulacra (IceCv)
  A spriggan simulacrum (IceCv)
  A wolf simulacrum (IceCv)
  2 centaur simulacra (IceCv)
  A hound skeleton (D:6)
  A howler monkey zombie (D:6)
  Robin (D:2)
  20 adders
  10 gnolls
  2 ogre simulacra (IceCv)
  2 naga simulacra (IceCv)
  3 shadow imps
  5 white imps (IceCv)
  5 ufetubi
  6 oozes (Sewer)
  An adder zombie (D:8)
  An adder skeleton (D:9)
  4 worms
  2 dart slugs (D:1)
  18 leopard geckos
  131 orcs
  16 ball pythons
  5 bats
  20 giant cockroaches
  18 goblins
  8 hobgoblins
  14 jackals
  4 quokkas
  9 frilled lizards
  25 kobolds
  3 leopard gecko skeletons
  2 leopard gecko zombies (D:6)
  A quokka skeleton (D:6)
  7 rats
971 creatures vanquished.

Vanquished Creatures (others)
  A blizzard demon (IceCv)
  A yak (D:13)
  A white imp (IceCv)
  An ufetubus (IceCv)
  33 fungi
  32 plants
  19 withered plants (Gauntlet)
88 creatures vanquished.

Grand Total: 1059 creatures vanquished

Table legend:
 A = Non-vault XP
 B = Vault XP
 C = Vault XP percentage of total XP
 D = Non-vault monster count
 E = Vault monster count
 F = Vault count percentage of total count
                 A         B        C        D         E       F
            +---------+---------+-------+---------+---------+-------
      Total |  119610 |   65657 |  35.4 |     564 |     405 |  41.8
            +---------+---------+-------+---------+---------+-------
        D:1 |      52 |       1 |   1.9 |      22 |       1 |   4.3
        D:2 |      69 |      37 |  34.9 |      21 |      12 |  36.4
        D:3 |      25 |       0 |   0.0 |       7 |       0 |   0.0
        D:4 |     398 |      56 |  12.3 |      16 |       7 |  30.4
        D:5 |     748 |       0 |   0.0 |      28 |       0 |   0.0
        D:6 |    1301 |       0 |   0.0 |      34 |       0 |   0.0
        D:7 |    1304 |     740 |  36.2 |      25 |      13 |  34.2
        D:8 |    1286 |    2605 |  66.9 |      28 |       9 |  24.3
        D:9 |     983 |     434 |  30.6 |      14 |       1 |   6.7
       D:10 |    3348 |       0 |   0.0 |      33 |       0 |   0.0
       D:11 |    3767 |       0 |   0.0 |      38 |       0 |   0.0
       D:12 |    3450 |    1413 |  29.1 |      14 |      18 |  56.2
       D:13 |    1075 |       0 |   0.0 |      10 |       0 |   0.0
     Lair:1 |    6893 |    1711 |  19.9 |      26 |       2 |   7.1
     Lair:2 |    8019 |    2094 |  20.7 |      32 |       2 |   5.9
     Lair:3 |    6737 |    1278 |  15.9 |      14 |       2 |  12.5
     Lair:4 |    5164 |    1585 |  23.5 |      16 |       3 |  15.8
     Lair:5 |    8037 |    1325 |  14.2 |      22 |       3 |  12.0
     Lair:6 |   14472 |    4693 |  24.5 |      33 |      13 |  28.3
    Snake:1 |   14198 |    4846 |  25.4 |      25 |      16 |  39.0
    Snake:2 |   17183 |    1522 |   8.1 |      29 |       1 |   3.3
    Snake:3 |   18818 |    3219 |  14.6 |      38 |       4 |   9.5
      Orc:1 |    2283 |     327 |  12.5 |      39 |       9 |  18.8
      Orc:2 |       0 |   19638 | 100.0 |       0 |     149 | 100.0
      Sewer |       0 |     372 | 100.0 |       0 |      52 | 100.0
     Bailey |       0 |    2180 | 100.0 |       0 |      27 | 100.0
      IceCv |       0 |    8349 | 100.0 |       0 |      50 | 100.0
   Gauntlet |       0 |    7232 | 100.0 |       0 |      11 | 100.0
            +---------+---------+-------+---------+---------+-------

Illustrated notes

Table legend:
 A = Kills in this place as a percentage of kills in entire the game.
 B = Kills by you in this place as a percentage of kills by you in the entire game.
 C = Kills by friends in this place as a percentage of kills by friends in the entire game.
 D = Other kills in this place as a percentage of other kills in the entire game.
 E = Experience gained in this place as a percentage of experience gained in the entire game.
 F = Experience gained in this place divided by the number of levels of this place that you have seen.
                   A       B       C       D       E      F
               +-------+-------+-------+-------+-------+----------------------
         Total | 100.0 | 100.0 |   N/A |   N/A | 100.0 | 6616.7
       Dungeon |  36.2 |  36.2 |   N/A |   N/A |  12.5 | 1776.3
          Lair |  17.3 |  17.3 |   N/A |   N/A |  33.5 | 10334.7
     Snake Pit |  11.7 |  11.7 |   N/A |   N/A |  32.3 | 19928.7
  Orcish Mines |  20.3 |  20.3 |   N/A |   N/A |  12.0 | 11124.0
         Sewer |   5.4 |   5.4 |   N/A |   N/A |   0.2 | 372.0
        Bailey |   2.8 |   2.8 |   N/A |   N/A |   1.2 | 2180.0
      Ice Cave |   5.2 |   5.2 |   N/A |   N/A |   4.5 | 8349.0
      Gauntlet |   1.1 |   1.1 |   N/A |   N/A |   3.9 | 7232.0
               +-------+-------+-------+-------+-------+----------------------

Table legend: (Time is in decaauts)
 A = Elapsed time spent in this place.
 B = Non-inter-level travel time spent in this place.
 C = Inter-level travel time spent in this place.
 D = Time resting spent in this place.
 E = Time spent auto-exploring this place.
 F = Levels seen in this place.
 G = Mean time per level.
                   A        B        C        D        E       F      G
               +--------+--------+--------+--------+--------+-----+--------+
         Total |  44705 |  42829 |   1876 |   1174 |  36529 |  28 | 1596.6 |
       Dungeon |  17123 |  16069 |   1054 |    249 |  14137 |  13 | 1317.2 |
          Lair |  10962 |  10296 |    666 |    102 |   9025 |   6 | 1827.0 |
     Snake Pit |   6112 |   6042 |     70 |    734 |   4681 |   3 | 2037.3 |
  Orcish Mines |   5590 |   5506 |     84 |     86 |   4678 |   2 | 2795.0 |
         Sewer |   1121 |   1121 |      0 |      0 |    951 |   1 | 1121.0 |
        Bailey |    968 |    968 |      0 |      0 |    814 |   1 |  968.0 |
      Ice Cave |   1708 |   1708 |      0 |      0 |   1442 |   1 | 1708.0 |
      Gauntlet |   1117 |   1117 |      0 |      3 |    799 |   1 | 1117.0 |
               +--------+--------+--------+--------+--------+-----+--------+

Top non-repeatable levels by time:
   Orc:2: 3820 daAuts
  Lair:6: 2615 daAuts
 Snake:2: 2577 daAuts
  Lair:1: 2171 daAuts
 Snake:3: 2081 daAuts
    D:12: 1986 daAuts
   Orc:1: 1770 daAuts
   IceCv: 1708 daAuts
     D:5: 1699 daAuts
     D:8: 1664 daAuts
  Lair:2: 1651 daAuts
    D:11: 1636 daAuts
  Lair:5: 1621 daAuts
     D:4: 1587 daAuts
     D:7: 1548 daAuts
